 Dungeon Crawl Stone Soup version 0.25-a0-571-gb5e01bddfa (webtiles) character file.

Game seed: 9379183263745347284, levelgen mode: deterministic

24070 Kohma the Grappler (level 12, -9/124 HPs)
             Began as a Troll Monk on Feb 29, 2020.
             Was the Champion of Elyvilon.
             Killed from afar by a frost giant (24 damage)
             ... with a bolt of cold
             ... in an ice cave.
             The game lasted 00:29:46 (12784 turns).

Kohma the Grappler (Troll Monk)                    Turns: 12784, Time: 00:29:47

Health: -9/124     AC: 15    Str: 22    XL:     12   Next: 77%
Magic:  14/14      EV: 17    Int:  6    God:    Elyvilon [******]
Gold:   851        SH:  0    Dex: 20    Spells: 11/11 levels left

rFire    . . .     SeeInvis .     - Unarmed
rCold    . . .     Gourm    +   (no shield)
rNeg     . . .     Faith    .   x - +1 robe {MR+}
rPois    .         Spirit   .   (helmet restricted)
rElec    .         Reflect  .   J - +2 cloak
rCorr    .         Harm     .   (gloves unavailable)
MR       +....                  (boots unavailable)
Stlth    ++........             (no amulet)
HPRegen  0.70/turn              F - +4 ring of dexterity
MPRegen  0.14/turn              a - +5 ring of protection

@: no status effects
A: large, unfitting armour, claws 3, fast metabolism 3, gourmand, regeneration
1, shaggy fur 1, tough skin 3
a: Lesser Healing, Heal Other, Purification, Greater Healing, Divine Vigour,
Divine Protection, Renounce Religion


You were in an ice cave.
You worshipped Elyvilon.
Elyvilon was exalted by your worship.
You were very full.

You visited 3 branches of the dungeon, and saw 15 of its levels.
You also visited: Sewer, Bailey and Ice Cave.

You collected 851 gold pieces.

Inventory:

Hand Weapons
 s - the +8 whip "Snakebite" {curare, rPois}
   (You found it on level 2 of the Lair of Beasts)

   It poisons the flesh of those it strikes.
   It protects you from poison.
 y - a +1 giant spiked club of freezing
Missiles
 e - 27 poisoned darts
 j - 2 throwing nets (quivered)
 u - 5 javelins
Armour
 x - a +1 robe of magic resistance (worn)
 J - a +2 cloak (worn)
Jewellery
 a - a +5 ring of protection (right claw)
 p - an uncursed ring of positive energy
 t - an uncursed ring of magical power
 F - a +4 ring of dexterity (left claw)
 K - an uncursed ring of protection from fire
Wands
 m - a wand of polymorph (4)
 q - a wand of enslavement (8)
 w - a wand of digging (9)
 C - a wand of acid (5)
 D - a wand of scattershot (2)
 H - a wand of flame (41)
 M - a wand of disintegration (14)
Scrolls
 f - 3 scrolls of enchant armour
 l - a scroll of amnesia
 v - 4 scrolls of remove curse
 I - a scroll of blinking
 L - 2 scrolls of teleportation
 N - a scroll of identify
Potions
 c - 2 potions of brilliance
 d - 4 potions of heal wounds
 g - 3 potions of stabbing
 h - 5 potions of curing
 k - 2 potions of ambrosia
 n - 2 potions of lignification
 o - 4 potions of invisibility
 r - 6 potions of flight
 z - 2 potions of haste
 B - a potion of mutation
 E - a potion of might
Miscellaneous
 A - a lamp of fire
 G - a phial of floods
Comestibles
 b - 25 rations
 i - 4 chunks of flesh


   Skills:
 + Level 9.5 Fighting
 + Level 9.6 Dodging
 - Level 1.0 Stealth
 + Level 14.2 Unarmed Combat
 - Level 5.0 Invocations


You had 11 spell levels left.
You didn't know any spells.
Your spell library contained the following spells:

 Spells                   Type           Power        Failure   Level  Hunger
 Beastly Appendage        Tmut           #.....       45%         1    ##.....
 Foxfire                  Conj/Fire      #...         45%         1    ##.....
 Summon Butterflies       Summ           #.......     45%         1    ##.....
 Ensorcelled Hibernation  Hex/Ice        #.....       58%         2    ###....
 Passwall                 Tmut/Erth      #.......     58%         2    ###....
 Sticks to Snakes         Tmut           #.......     58%         2    ###....
 Call Canine Familiar     Summ           #.......     83%         3    ####...
 Spider Form              Tmut/Pois      #.........   83%         3    ####...
 Stone Arrow              Conj/Erth      #.....       83%         3    ####...
 Cause Fear               Hex            #.........   99%         4    #####..
 Ice Form                 Ice/Tmut       #.......     99%         4    #####..
 Leda's Liquefaction      Hex/Erth       #.........   99%         4    #####..
 Summon Ice Beast         Ice/Summ       #.......     99%         4    #####..
 Blade Hands              Tmut           #.........   100%        5    ######.
 Borgnjor's Vile Clutch   Necr/Erth      #.........   100%        5    ######.
 Lee's Rapid Deconstruct  Erth           #.........   100%        5    ######.
 Silence                  Hex/Air        #.........   100%        5    ######.
 Summon Mana Viper        Hex/Summ       #.......     100%        5    ######.
 Darkness                 Hex            #.........   100%        6    #######
 Iron Shot                Conj/Erth      #.........   100%        6    #######
 Shadow Creatures         Summ           N/A          100%        6    #######
 Dragon Form              Tmut           #.........   100%        7    #######
 Summon Hydra             Summ           #.........   100%        7    #######
 Dragon's Call            Summ           #.........   100%        9    #######


Dungeon Overview and Level Annotations

Branches:
Dungeon (11/15)            Temple (1/1) D:4            Lair (3/6) D:9
 Spider (0/4) Lair:3          Orc (0/2) D:11          Sewer (visited)
 Bailey (visited)           IceCv (1/1)
  Swamp: Lair:2-4    Shoals: Lair:2-4

Altars:
Ashenzari
Cheibriados
Dithmenos
Elyvilon
Fedhas
Gozag
Hepliaklqana
Kikubaaqudgha
Makhleb
Nemelex Xobeh
Okawaru
Qazlal
Ru
Sif Muna
Trog
Uskayaw
Vehumet
Wu Jian
Xom
Yredelemnul
Zin
The Shining One

Annotations:
D:6 exclusion: statue
D:10 exclusion: downstairs
Lair:3 3 runed translucent doors, exclusion: 3 doors, cappocean's ghost, journeyman OpHu


Innate Abilities, Weirdness & Mutations

You are too large for most types of armour.
You have claws for hands.
Your metabolism is lightning-fast.
You like to eat raw meat.
Your natural rate of healing is unusually fast.
You are covered in fur. (AC +1)
You have extremely tough skin. (AC +3)


Message History

You claw the frost giant!
The frost giant is severely wounded.
The frost giant gestures at you while chanting.
The bolt of cold hits you!!!
You scratch the frost giant.
The frost giant is severely wounded.
The frost giant hits you with a +2 battleaxe of freezing.
The frost giant freezes you.
You mangle the frost giant!!
The frost giant is almost dead.
You scratch the frost giant. You claw the frost giant.
The frost giant is almost dead.
The frost giant gestures at you while chanting.
The bolt of cold hits you!!!
* * * LOW HITPOINT WARNING * * *
You completely miss the frost giant.
The frost giant is almost dead.
The frost giant casts a spell at you. The bolt of cold hits you!!
You die...

### ##.##
##...###
#..⌠.#.#
#.....@##
#÷#.#.#C#
#.#####.##
#.## ##.#
#..####.##
##..##.##
##.##.##
#°☼##
#..##.#
.°..#
##.##.##
#....#


You could see a frost giant.

Vanquished Creatures
  A two-headed ogre (D:8)
  2 death yaks (IceCv)
  An orc knight (Bailey)
  Pikel (D:7)
  Maurice (D:8)
  3 black mambas
  Joseph (D:7)
  An ice statue (IceCv)
  A torpor snail (Lair:3)
  5 spiny frogs
  A komodo dragon (Lair:2)
  A rime drake (Lair:2)
  14 polar bears (IceCv)
  A jumping spider (Lair:3)
  Prince Ribbit (D:7)
  Grinder (D:4)
  2 hippogriffs (Lair:2)
  A vampire (D:9)
  32 yaks
  2 wyverns
  8 water moccasins
  8 porcupines
  2 black bears
  4 slaves (D:7)
  An eye of draining (D:10)
  2 ice beasts
  Purgy (Sewer)
  A necrophage (D:8)
  6 orc warriors
  A sky beast (D:7)
  13 wolves (IceCv)
  A phantom (D:5)
  4 ogres
  3 centaurs
  6 crocodiles
  A big kobold (D:9)
  11 bullfrogs
  A scorpion (D:5)
  6 killer bees (D:10)
  9 wights
  A vampire bat (D:4)
  2 howler monkeys (D:7)
  4 crimson imps
  A centaur zombie (D:7)
  4 hounds
  3 jellies
  A bullfrog zombie (D:8)
  7 orc priests
  14 orc wizards
  3 bullfrog skeletons (D:5)
  2 centaur skeletons
  Natasha (thrice) (D:2)
  Terence (D:2)
  5 iguanas
  4 worker ants
  A hound skeleton (D:7)
  A gnoll (Bailey)
  19 adders
  A river rat (D:4)
  An ooze (D:1)
  2 adder skeletons
  7 worms
  2 dart slugs
  17 leopard geckos
  40 orcs
  A ball python (D:1)
  3 bat skeletons (D:4)
  3 bat zombies (D:4)
  5 giant cockroaches
  2 gnoll zombies (D:4)
  10 goblins
  7 hobgoblins
  2 jackals (D:5)
  22 kobolds
  6 quokkas
  8 bats
  10 frilled lizards
  A jackal skeleton (D:7)
  A leopard gecko skeleton (D:6)
  A quokka skeleton (D:2)
  6 rats
  A bush (D:8)
  A plant (D:9)
398 creatures vanquished.

Vanquished Creatures (others)
  A death yak (IceCv)
  A polar bear (IceCv)
  A yak (IceCv)
  5 wolves (IceCv)
  A fungus (D:9)
9 creatures vanquished.

Grand Total: 407 creatures vanquished

Notes
Turn   | Place    | Note
-------+----------+-------------------------------------------
     0 | D:1      | Kohma the Troll Monk began the quest for the Orb.
     0 | D:1      | Reached XP level 1. HP: 22/22 MP: 0/0
   194 | D:1      | Reached XP level 2. HP: 29/29 MP: 1/1
   612 | D:2      | Found a white marble altar of Elyvilon.
   612 | D:2      | Noticed Natasha
   616 | D:2      | Noticed a crimson imp
   616 | D:2      | Killed Natasha
   616 | D:2      | Reached XP level 3. HP: 33/36 MP: 2/2
   621 | D:2      | Became a worshipper of Elyvilon the Healer
   621 | D:2      | Reached * piety under Elyvilon
   621 | D:2      | Reached ** piety under Elyvilon
   656 | D:2      | Reached skill level 4 in Unarmed Combat
   658 | D:2      | Noticed Natasha
   666 | D:2      | Killed Natasha
   666 | D:2      | Reached XP level 4. HP: 36/44 MP: 3/3
   805 | D:2      | Found a sparkling altar of Nemelex Xobeh.
   821 | D:2      | Noticed Natasha
   825 | D:2      | Killed Natasha
   922 | D:2      | Noticed Terence
   931 | D:2      | Reached XP level 5. HP: 52/53 MP: 4/4
   939 | D:2      | Killed Terence
   939 | D:2      | Reached skill level 1 in Invocations
  1396 | D:3      | Found a shadowy altar of Dithmenos.
  1486 | D:3      | Reached skill level 5 in Unarmed Combat
  1594 | D:3      | Reached *** piety under Elyvilon
  1677 | D:3      | Found a stormy altar of Qazlal.
  1707 | D:3      | Noticed a centaur
  1715 | D:3      | Killed a centaur
  1715 | D:3      | Reached XP level 6. HP: 33/61 MP: 6/6
  1806 | D:3      | Noticed an ice beast
  1821 | D:3      | Killed an ice beast
  1821 | D:3      | Reached skill level 6 in Unarmed Combat
  2228 | D:4      | Found a staircase to the Ecumenical Temple.
  2242 | Temple   | Entered the Ecumenical Temple
  2515 | D:4      | Found a glowing drain.
  2521 | Sewer    | Entered a sewer
  2614 | Sewer    | Noticed Purgy
  2623 | Sewer    | Killed Purgy
  2623 | Sewer    | Reached XP level 7. HP: 65/67 MP: 8/8
  2809 | D:4      | Reached **** piety under Elyvilon
  2846 | D:4      | Noticed Grinder
  2855 | D:4      | Killed Grinder
  2855 | D:4      | Reached skill level 7 in Unarmed Combat
  2857 | D:4      | Found a glowing golden altar of the Shining One.
  2961 | D:4      | Found an ancient bone altar of Kikubaaqudgha.
  3138 | D:4      | Found a basalt altar of Yredelemnul.
  3216 | D:5      | Entered Level 5 of the Dungeon
  3311 | D:5      | Reached skill level 8 in Unarmed Combat
  3311 | D:5      | Reached XP level 8. HP: 73/75 MP: 10/10
  3480 | D:5      | Found a hazy altar of Hepliaklqana.
  3579 | D:5      | Found the cursed +13 scythe of Curses {drain, *Curse}
  3583 | D:5      | Reached skill level 9 in Unarmed Combat
  3598 | D:5      | Reached skill level 5 in Invocations
  3831 | D:5      | Reached skill level 10 in Unarmed Combat
  3977 | D:5      | Reached XP level 9. HP: 69/81 MP: 11/11
  4464 | D:6      | Found an iron altar of Okawaru.
  4499 | D:6      | Reached ***** piety under Elyvilon
  4697 | D:6      | Found a radiant altar of Vehumet.
  5239 | D:7      | Noticed Joseph
  5253 | D:7      | Killed Joseph
  5253 | D:7      | Reached skill level 11 in Unarmed Combat
  5284 | D:7      | Noticed Pikel
  5317 | D:7      | Killed Pikel
  5525 | D:7      | Reached skill level 5 in Fighting
  5525 | D:7      | Reached skill level 5 in Dodging
  5525 | D:7      | Reached XP level 10. HP: 88/96 MP: 12/12
  5575 | D:7      | Found an opulent altar of Gozag.
  5761 | D:7      | Noticed Prince Ribbit
  6267 | D:7      | Killed Prince Ribbit
  6309 | D:7      | Found an opulent altar of Gozag.
  6963 | D:8      | Found an ornate altar of the Wu Jian Council.
  7095 | D:8      | Noticed a two-headed ogre
  7115 | D:8      | Killed a two-headed ogre
  7137 | D:8      | Found a flagged portal.
  7167 | Bailey   | Entered a bailey
  7269 | Bailey   | Noticed an orc knight
  7287 | Bailey   | Killed an orc knight
  7307 | Bailey   | Reached skill level 12 in Unarmed Combat
  7456 | Bailey   | Identified the Papyrus of Clay
  7640 | D:8      | Noticed Maurice
  7656 | D:8      | Killed Maurice
  7756 | D:8      | You fall into a shaft and drop 3 floors!
  7871 | D:11     | Reached XP level 11. HP: 87/107 MP: 13/13
  7932 | D:11     | Noticed a catoblepas
  7937 | D:10     | Entered Level 10 of the Dungeon
  8301 | D:9      | Found a burning altar of Makhleb.
  8358 | D:9      | Found a staircase to the Lair.
  8426 | Lair:1   | Entered Level 1 of the Lair of Beasts
  8520 | Lair:1   | Reached ****** piety under Elyvilon
  9936 | Lair:2   | Reached skill level 13 in Unarmed Combat
 10513 | Lair:2   | Found the +8 whip "Snakebite" {curare, rPois}
 10721 | Lair:3   | Reached XP level 12. HP: 47/122 MP: 14/14
 10848 | Lair:3   | Found a runed translucent gate.
 10849 | Lair:3   | Found a runed translucent gate.
 10850 | Lair:3   | Found a runed translucent gate.
 10858 | Lair:3   | Noticed cappocean's ghost (journeyman OpHu)
 10858 | Lair:3   | Noticed a death ooze
 11071 | Lair:3   | Found a hole to the Spider Nest.
 11353 | Lair:3   | Found a frozen archway.
 11370 | IceCv    | Entered an ice cave
 11816 | IceCv    | HP: 3/122 [something (20)]
 12274 | IceCv    | Noticed a death yak
 12276 | IceCv    | Noticed a death yak
 12290 | IceCv    | Killed a death yak
 12303 | IceCv    | Killed a death yak
 12303 | IceCv    | Reached skill level 14 in Unarmed Combat
 12622 | IceCv    | Noticed a frost giant
 12622 | IceCv    | Noticed a death yak
 12639 | IceCv    | Pacified a death yak
 12645 | IceCv    | Killed a death yak
 12784 | IceCv    | Killed from afar by a frost giant

Levels and vault maps discovered:
D:1:      tarquinn_simple_flora_water_a, layout_loops_ring
D:2:      layout_loops_ring, nemelex_xobeh_ov_fountains_minmay,
          elyvilon_altar_4, minmay_tetromino_l4, uniq_terence, uniq_natasha
D:3:      layout_basic, nicolae_overflow_hidden_temple, lemuel_doored_altar,
          first_ration, minmay_diced_spiral
D:4:      layout_rooms, lemuel_zombie_altar_yredelemnul,
          kennysheep_vampire_church, nicolae_tso_swordbearing_angel,
          temple_statues, gup_sewer_entry_bubbles, uniq_grinder
D:5:      minmay_clustersquares, layout_basic, lemuel_coloured_pillars_altar,
          serial_corexii_hall, chequers_hall_statues_corner_a,
          chequers_hall_statues_y, minmay_lizard_king
D:6:      layout_loops_cross, lemuel_crystal_altar, vehumet_statue
D:7:      layout_basic, lemuel_crystal_altar, lightli_minifort, uniq_pikel,
          uniq_joseph, uniq_prince_ribbit1
D:8:      layout_basic, old_standard_altar, enter_bailey_2, minmay_hedge_maze,
          uniq_maurice
D:9:      layout_stronghold, bloody_makhleb, due_lair_maze_entry_diamond,
          basic_altar
D:10:     layout_long_grid, basic_altar
D:11:     nzn_motion_control, layout_basic, minmay_orc_entry_temple_small,
          minmay_gold_behind_fungi
Temple:   grunt_temple_mini_profane
Lair:1:   layout_layer_cave, lemuel_fruit_tree
Lair:2:   minmay_guarded_unrand_snakebite, layout_regular_city
Lair:3:   layout_small_grid, spider_nest_entry_funnel_web,
          portal_ice_cave_entry_pillars_1, gammafunk_ghost_ooze,
          grunt_forest_small_clearings, tgw_fedhas, grunt_megastairs_4,
          serial_bayou_shore_b
IceCv:    ice_cave_caverns_02

Skill      XL: |  1  2  3  4  5  6  7  8  9 10 11 12 |
---------------+-------------------------------------+-----
Unarmed Combat | 4 5 6 8 10 11 12 13 14 | 14.2
Fighting       | 3 5 6 8 9 |  9.5
Dodging        | 3 5 6 8 9 |  9.6
Invocations    | 2 3 4 5 |  5.0
Stealth        | |  1.0

Action                   |  1- 3 |  4- 6 |  7- 9 | 10-12 || total
-------------------------+-------+-------+-------+-------++-------
Melee: Unarmed           |    51 |   167 |   386 |   695 ||  1299
       Punch             |     1 |     5 |    18 |    66 ||    90
Invok: Greater Healing   |       |       |       |     5 ||     5
       Heal Other        |       |       |       |     8 ||     8
  Use: Scroll            |       |     7 |     9 |     9 ||    25
       Potion            |       |       |       |     4 ||     4
 Stab: Sleeping          |     5 |     8 |     3 |     5 ||    21
  Eat: Chunk             |     9 |    20 |    26 |    72 ||   127
Armor: Robe              |    11 |    75 |   163 |   219 ||   468
Dodge: Dodged            |    23 |    77 |   218 |   480 ||   798

Table legend:
 A = Non-vault XP
 B = Vault XP
 C = Vault XP percentage of total XP
 D = Non-vault monster count
 E = Vault monster count
 F = Vault count percentage of total count
                 A         B        C        D         E       F
            +---------+---------+-------+---------+---------+-------
      Total |   15882 |   17769 |  52.8 |     236 |     156 |  39.8
            +---------+---------+-------+---------+---------+-------
        D:1 |      40 |       0 |   0.0 |      20 |       0 |   0.0
        D:2 |     129 |      77 |  37.4 |      17 |       6 |  26.1
        D:3 |     244 |     125 |  33.9 |      28 |       2 |   6.7
        D:4 |      99 |     371 |  78.9 |       7 |      18 |  72.0
        D:5 |    1379 |     315 |  18.6 |      32 |      23 |  41.8
        D:6 |     545 |       0 |   0.0 |      24 |       0 |   0.0
        D:7 |    1238 |    1584 |  56.1 |      25 |       8 |  24.2
        D:8 |    1549 |     472 |  23.4 |      20 |       1 |   4.8
        D:9 |     625 |    1192 |  65.6 |       8 |       9 |  52.9
       D:10 |     870 |       0 |   0.0 |      11 |       0 |   0.0
       D:11 |    1364 |       0 |   0.0 |       9 |       0 |   0.0
     Lair:1 |     764 |       0 |   0.0 |       3 |       0 |   0.0
     Lair:2 |    5341 |     821 |  13.3 |      25 |       7 |  21.9
     Lair:3 |    1695 |    1538 |  47.6 |       7 |       7 |  50.0
      Sewer |       0 |     144 | 100.0 |       0 |       6 | 100.0
     Bailey |       0 |    1345 | 100.0 |       0 |      25 | 100.0
      IceCv |       0 |    9785 | 100.0 |       0 |      44 | 100.0
            +---------+---------+-------+---------+---------+-------
